 Dungeon Crawl Stone Soup version 0.31.0-32-g396128a36d (webtiles) character file.

Game seed: 4630057205823120952

9614 unlimited1921 the Thaumaturge (level 11, -12/83 HPs)
             Began as a Gnoll Fire Elementalist on Apr 4, 2024.
             Killed by an exploding elephant (35 damage)
             ... ignited by their inner flame
             ... on level 2 of the Lair of Beasts.
             The game lasted 01:09:02 (21005 turns).

unlimited1921 the Thaumaturge (GnFE)               Turns: 21005, Time: 01:09:02

Health: -12/83     AC: 12    Str: 14    XL:     11   Next: 49%
Magic:  19/32      EV: 15    Int: 18    God:
Gold:   572        SH:  5    Dex: 13    Spells: 13/26 levels left

rFire   . . .        d - +3 trident (drain)
rCold   . . .        (no shield)
rNeg    . . .        V - +0 steam dragon scales
rPois   .            l - +0 helmet
rElec   .            (no cloak)
rCorr   .            G - +2 pair of gloves
SInv    .            A - +0 pair of boots
Will    .....        T - amulet of reflection
Stlth   ++++         x - ring of magical power
HPRegen 0.33/turn    q - +6 ring of strength
MPRegen 0.23/turn

%: reflection
@: no status effects
A: fangs 1, strong nose, distributed training
a: no special abilities


You were on level 2 of the Lair of Beasts.
You visited 3 branches of the dungeon, and saw 12 of its levels.

You collected 572 gold pieces.

Inventory:

Hand Weapons
 d - a +3 trident of draining (weapon)
 C - a +0 morningstar of draining
 J - a +3 flail
 K - a +2 short sword of flaming
 L - a +1 dagger of draining
 N - a +0 shortbow
 P - a +2 vampiric short sword
Missiles
 h - 2 silver javelins
 m - 9 boomerangs
 w - 8 poisoned darts
 O - 3 atropa-tipped darts
 X - 4 javelins
Armour
 l - a +0 helmet (worn)
 t - an orb of energy
 A - a +0 pair of boots (worn)
 G - a +2 pair of gloves (worn)
 V - +0 steam dragon scales (worn)
Jewellery
 c - the ring of Hepliaklqana, Dripping {Ice Fly rElec rPois Dex-3}
   (You found it on level 8 of the Dungeon)

   [ring of ice]

   Ice:       It enhances your ice magic.
   Dex-3:     It affects your dexterity (-3).
   rF-:       It makes you vulnerable to fire.
   rC+:       It protects you from cold.
   rElec:     It insulates you from electricity.
   rPois:     It protects you from poison Fly: It grants you flight.
 f - a ring of willpower
 q - a +6 ring of strength (right hand)
 x - a ring of magical power (left hand)
 B - an amulet of guardian spirit
 E - a ring of ice
 T - an amulet of reflection (around neck)
Wands
 a - a wand of roots (2)
 k - a wand of flame (50)
 I - a wand of polymorph (20)
 Q - a wand of acid (9) (quivered)
 U - a wand of charming (2)
Scrolls
 e - 6 scrolls of fear {unknown}
 i - a scroll of torment {unknown}
 j - 3 scrolls of blinking
 o - a scroll of enchant weapon
 p - 5 scrolls of noise
 r - a scroll of fog
 v - 3 scrolls of teleportation {unknown}
 y - a scroll of revelation
 D - a scroll of poison
 H - 2 scrolls of acquirement {unknown}
 M - a scroll of silence
 S - a scroll of brand weapon
 W - a scroll of immolation {unknown}
Potions
 b - 3 potions of magic
 g - 3 potions of enlightenment
 n - a potion of might
 s - 2 potions of lignification
 u - 3 potions of haste {unknown}
 z - 2 potions of curing
 F - a potion of attraction
 R - 2 potions of resistance {unknown}
 Y - a potion of heal wounds


   Skills:
 + Level 6.6 Fighting
 + Level 6.6 Short Blades
 + Level 6.6 Long Blades
 + Level 6.6 Axes
 + Level 6.6 Maces & Flails
 + Level 6.6 Polearms
 + Level 6.6 Staves
 + Level 6.6 Ranged Weapons
 + Level 6.6 Throwing
 + Level 6.6 Armour
 + Level 8.1 Dodging
 + Level 7.9 Stealth
 + Level 6.6 Shields
 + Level 6.6 Unarmed Combat
 + Level 8.3 Spellcasting
 + Level 5.9 Conjurations
 + Level 5.4 Hexes
 + Level 5.4 Summonings
 + Level 5.4 Necromancy
 + Level 5.4 Translocations
 + Level 7.8 Fire Magic
 + Level 5.4 Ice Magic
 + Level 5.4 Air Magic
 + Level 5.4 Earth Magic
 + Level 5.4 Alchemy
 + Level 7.2 Invocations
 + Level 6.6 Evocations
 + Level 6.0 Shapeshifting


You had 13 spell levels left.
You knew the following spells:

 Your Spells              Type           Power      Damage    Failure   Level
a - Foxfire               Conj/Fire      100%       2x1d9     1%          1
b - Scorch                Fire           70%        2d7       1%          2
c - Inner Flame           Hex/Fire       31%        N/A       1%          3
d - Ozocubu's Armour      Ice            27%        N/A       3%          3
e - Vhi's Electric Charg  Tloc/Air       54%        N/A       10%         4

Your spell library contained the following spells:

 Spells                   Type           Power      Damage    Failure   Level
 Apportation              Tloc           54%        N/A       1%          1
 Jinxbite                 Hex            54%        N/A       1%          2
 Volatile Blastmotes      Fire/Tloc      62%        2d15      1%          3
 Flame Wave               Conj/Fire      32%        2d9       5%          4
 Arcjolt                  Conj/Air       14%        1d24      26%         5
 Alistair's Intoxication  Alch           18%        N/A       28%         5
 Metabolic Englaciation   Hex/Ice        13%        N/A       28%         5
 Silence                  Hex/Air        13%        N/A       28%         5
 Plasma Beam              Fire/Air       15%        2x1d27    67%         6
 Sculpt Simulacrum        Ice/Alch       13%        N/A       83%         6


Dungeon Overview and Level Annotations

Branches:
Dungeon (9/15)             Temple (1/1) D:7            Lair (2/5) D:8
  Swamp: Lair:2-3    Shoals: Lair:2-3     Snake: Lair:2-3    Spider: Lair:2-3
    Orc: D:9-12

Altars:
Ashenzari
Cheibriados
Dithmenos
Elyvilon
Fedhas
Gozag
Hepliaklqana
Kikubaaqudgha
Nemelex Xobeh
Okawaru
Qazlal
Ru
Sif Muna
Trog
Vehumet
Wu Jian
Xom
The Shining One

Shops:
D:2 [


Innate Abilities, Weirdness & Mutations

You have very sharp teeth.
Your uncanny sense of smell can sniff out nearby items.
Your experience applies equally to all skills.


Message History

Flames lash the elephant but do no damage.
A nearby fungus withers and dies.
The elephant tramples you!
You stumble backwards!
Casting: Scorch (safe; 1% risk of failure)
Confirm with . or Enter, or press ? or * to list all spells.
Okay, then.
Aiming: Corrosive Bolt
Press: ? - help, Q - select action, (/) - cycle Shift-Dir - straight line, f/p - elephant
Aim: an elephant (almost dead, inner flame, covered in acid, 100% to hit)
The bolt of acid hits the elephant!
The elephant seems to be corroded for longer.
The elephant explodes!
The fiery explosion engulfs you!!!
The fiery explosion engulfs the elephant!!
Flame seeps out of the elephant.
The elephant is severely wounded.
The fiery explosion engulfs the elephant!!
The elephant is almost dead.
The fiery explosion engulfs the fungus!!!
The fungus begins to die.
The fungus is lightly damaged.
You are engulfed in blazing flames.
* * * LOW HITPOINT WARNING * * *
You hear a howl!
The elephant is engulfed in blazing flames.
You kill the elephant!
The elephant is engulfed in blazing flames.
Flame seeps out of the elephant.
The elephant tramples you.
* * * LOW HITPOINT WARNING * * *
You stumble backwards!
Found a wand of acid (5).
Your Shapeshifting skill increases to level 6!
Casting: Scorch (safe; 1% risk of failure)
Confirm with . or Enter, or press ? or * to list all spells.
You conjure some foxfire!
The elephant is engulfed in blazing flames.
The elephant explodes!
The fiery explosion engulfs your foxfire.
Your foxfire completely resists.
The fiery explosion engulfs you!!
You die...

##..#.#...#P...##
#..#...........P#
##...########...#
#.#.#∆#....#Y..#
#....#/#....#..##
##...# ....)#.§#
##.. ...#§§# #..
##'#§v## ##.
#..§@§P# #.P.v.##
#.⌠...# #.P...#
........#
...P.....#
##P#.##..# ####
####


You could see an elephant.

Vanquished Creatures
  4 death yaks
  Urug (Lair:1)
  A necromancer (Lair:2)
  3 elephants (Lair:2)
  Maggie (D:8)
  Jeremiah (Lair:1)
  A kobold demonologist (D:5)
  A komodo dragon (Lair:1)
  2 yaks
  2 basilisks (Lair:2)
  3 water moccasins
  An acid dragon (D:8)
  An orc warrior (D:7)
  A black bear (D:6)
  3 ogres
  3 sky beasts
  2 wolves (Lair:2)
  2 centaurs
  2 phantoms
  4 bullfrogs
  A kobold brigand (D:7)
  A gnoll sergeant (D:5)
  6 scorpions
  6 wights
  A vampire bat (Lair:1)
  2 howler monkeys (D:8)
  4 bombardier beetles
  7 hounds
  2 jellies (D:5)
  3 orc priests
  Ijyb (D:5)
  3 sleepcaps
  8 iguanas
  5 orc wizards
  2 hell rats (D:8)
  2 wolf simulacra (Lair:2)
  4 gnolls (D:3)
  2 river rats
  9 adders
  A shadow imp (D:5)
  3 white imps
  2 ufetubi (D:5)
  4 dart slugs
  3 ribbon worms
  28 orcs
  3 ball pythons (D:1)
  5 endoplasms
  2 giant cockroaches
  5 goblins
  7 hobgoblins
  3 jackals (D:4)
  5 quokkas
  12 bats
  2 frilled lizards
  13 kobolds
  8 rats
214 creatures vanquished.

Vanquished Creatures (collateral kills)
  A foxfire (Lair:2)
1 creature vanquished.

Vanquished Creatures (others)
  A wolf (Lair:1)
  A bullfrog (Lair:1)
  523 foxfires
525 creatures vanquished.

Grand Total: 740 creatures vanquished

Notes
Turn   | Place    | Note
-------+----------+-------------------------------------------
     0 | D:1      | unlimited1921 the Gnoll Fire Elementalist began the quest
                  | for the Orb.
     0 | D:1      | Reached XP level 1. HP: 13/13 MP: 6/6
   545 | D:1      | Reached XP level 2. HP: 5/19 MP: 0/7
  1733 | D:1      | Reached skill level 5 in Spellcasting
  1733 | D:1      | Reached XP level 3. HP: 14/25 MP: 5/9
  1902 | D:1      | Learned a level 2 spell: Scorch
  1906 | D:1      | Learned a level 3 spell: Inner Flame
  3026 | D:2      | Found Fif Deamp's Antique Armour Emporium.
  3053 | D:2      | Reached skill level 1 in Invocations
  3721 | D:2      | Reached skill level 1 in Fighting
  3721 | D:2      | Reached skill level 1 in Short Blades
  3721 | D:2      | Reached skill level 1 in Long Blades
  3721 | D:2      | Reached skill level 1 in Axes
  3721 | D:2      | Reached skill level 1 in Maces & Flails
  3721 | D:2      | Reached skill level 1 in Polearms
  3721 | D:2      | Reached skill level 1 in Staves
  3721 | D:2      | Reached skill level 1 in Ranged Weapons
  3721 | D:2      | Reached skill level 1 in Throwing
  3721 | D:2      | Reached skill level 1 in Armour
  3721 | D:2      | Reached skill level 1 in Shields
  3721 | D:2      | Reached skill level 1 in Unarmed Combat
  3721 | D:2      | Reached skill level 1 in Evocations
  4418 | D:3      | Reached skill level 1 in Shapeshifting
  4418 | D:3      | Reached XP level 4. HP: 32/32 MP: 4/11
  5200 | D:3      | Reached skill level 1 in Hexes
  5200 | D:3      | Reached skill level 1 in Summonings
  5200 | D:3      | Reached skill level 1 in Necromancy
  5200 | D:3      | Reached skill level 1 in Translocations
  5200 | D:3      | Reached skill level 1 in Ice Magic
  5200 | D:3      | Reached skill level 1 in Air Magic
  5200 | D:3      | Reached skill level 1 in Earth Magic
  5200 | D:3      | Reached skill level 1 in Alchemy
  5600 | D:3      | Reached XP level 5. HP: 36/37 MP: 3/12
  6566 | D:3      | Reached XP level 6. HP: 44/44 MP: 7/14
  7100 | D:3      | Found a hazy altar of Hepliaklqana.
  7230 | D:4      | Reached skill level 5 in Dodging
  7502 | D:4      | Found an ornate altar of the Wu Jian Council.
  7741 | D:4      | Reached XP level 7. HP: 50/50 MP: 6/15
  9290 | D:5      | Entered Level 5 of the Dungeon
  9301 | D:5      | Reached skill level 5 in Stealth
  9538 | D:5      | Noticed a kobold demonologist
  9544 | D:5      | Killed a kobold demonologist
  9545 | D:5      | Reached XP level 8. HP: 56/58 MP: 7/16
  9823 | D:5      | Noticed Ijyb
  9830 | D:5      | Killed Ijyb
 10025 | D:5      | Found a radiant altar of Vehumet.
 10228 | D:5      | Learned a level 3 spell: Ozocubu's Armour
 10346 | D:5      | Noticed a yak
 10359 | D:5      | Killed a yak
 10366 | D:5      | Found a sparkling altar of Nemelex Xobeh.
 10706 | D:5      | Reached XP level 9. HP: 65/65 MP: 1/18
 11169 | D:5      | Found a bloodstained altar of Trog.
 11202 | D:5      | Got the Octavo of Execration
 12865 | D:6      | Found a glowing golden altar of the Shining One.
 13887 | D:7      | Reached skill level 5 in Invocations
 15126 | D:7      | Found a staircase to the Ecumenical Temple.
 15150 | Temple   | Entered the Ecumenical Temple
 15394 | D:8      | Found a shimmering blue altar of Sif Muna.
 15535 | D:8      | Identified the ring of Hepliaklqana, Dripping {Ice Fly
                  | rElec rPois Dex-3}
 15926 | D:8      | Noticed a death yak
 15931 | D:8      | Noticed a death yak
 16114 | D:8      | Noticed a death yak
 16391 | D:8      | Killed a death yak
 16391 | D:8      | Killed a death yak
 16392 | D:8      | Reached skill level 5 in Fighting
 16392 | D:8      | Reached skill level 5 in Short Blades
 16392 | D:8      | Reached skill level 5 in Long Blades
 16392 | D:8      | Reached skill level 5 in Axes
 16392 | D:8      | Reached skill level 5 in Maces & Flails
 16392 | D:8      | Reached skill level 5 in Polearms
 16392 | D:8      | Reached skill level 5 in Staves
 16392 | D:8      | Reached skill level 5 in Ranged Weapons
 16392 | D:8      | Reached skill level 5 in Throwing
 16392 | D:8      | Reached skill level 5 in Armour
 16392 | D:8      | Reached skill level 5 in Shields
 16392 | D:8      | Reached skill level 5 in Unarmed Combat
 16392 | D:8      | Reached skill level 5 in Conjurations
 16392 | D:8      | Reached skill level 5 in Evocations
 16392 | D:8      | Reached XP level 10. HP: 74/74 MP: 17/21
 16392 | D:8      | Killed a death yak
 16393 | D:8      | Reached skill level 5 in Shapeshifting
 16712 | D:8      | Found a staircase to the Lair.
 16960 | D:9      | Noticed a two-headed ogre
 17676 | D:8      | Noticed Maggie
 17684 | D:8      | Killed Maggie
 18573 | Lair:1   | Entered Level 1 of the Lair of Beasts
 18722 | Lair:1   | Noticed Jeremiah
 18747 | Lair:1   | Killed Jeremiah
 19028 | Lair:1   | Learned a level 4 spell: Vhi's Electric Charge
 19445 | Lair:2   | Noticed a death yak
 19449 | Lair:2   | Noticed an elephant
 19449 | Lair:2   | Noticed a death yak
 19449 | Lair:2   | Noticed a death yak
 19449 | Lair:2   | Noticed a death yak
 19452 | Lair:2   | Noticed a death yak
 19453 | Lair:2   | Noticed an elephant
 19453 | Lair:2   | Noticed an elephant
 19454 | Lair:2   | Reached skill level 5 in Hexes
 19454 | Lair:2   | Reached skill level 5 in Summonings
 19454 | Lair:2   | Reached skill level 5 in Necromancy
 19454 | Lair:2   | Reached skill level 5 in Translocations
 19454 | Lair:2   | Reached skill level 5 in Ice Magic
 19454 | Lair:2   | Reached skill level 5 in Air Magic
 19454 | Lair:2   | Reached skill level 5 in Earth Magic
 19454 | Lair:2   | Reached skill level 5 in Alchemy
 19454 | Lair:2   | Reached XP level 11. HP: 76/81 MP: 16/22
 19455 | Lair:2   | Noticed a death yak
 19772 | Lair:1   | Noticed Urug
 19784 | Lair:1   | Killed Urug
 20313 | Lair:1   | Killed a death yak
 20848 | Lair:2   | Noticed a necromancer
 20853 | Lair:2   | Killed a necromancer
 21005 | Lair:2   | Killed by an exploding elephant... ignited by their inner
                  | flame

Illustrated notes

Levels and vault maps discovered:
D:1:      hellmonk_arrival_library, layout_rooms, minmay_pentomino_z4
D:2:      layout_basic, serial_shops, shop, st_stairs_7
D:3:      layout_loops_cross, mainiacjoe_overflow_boulevard,
          hangedman_abyss_or_decor_lesser_grid, minmay_statues_item
D:4:      layout_basic, nzn_wu_jian_contemplation
D:5:      cheibrodos_fzero, layout_loops_ring, nicolae_vehumet_radiance,
          mainiacjoe_overflow_catwalk, mainiacjoe_overflow_brackets, uniq_ijyb
D:6:      layout_basic, nicolae_tso_swordbearing_angel,
          minmay_misc_feat_enclosed, uniq_eustachio
D:7:      layout_cave_pools, minmay_temple_entry_nine_rooms
D:8:      layout_loops_corners, amcnicky_altar_gilded, dpeg_lair_monsters,
          uniq_maggie
D:9:      layout_rooms, general_overflow_altar, lemuel_doored_altar,
          solitary_fountain, kennysheep_small_spiral, nicolae_hexahallways
Temple:   bh_familiar_temple
Lair:1:   layout_big_grid, nicolae_lair_lil_pond, roderic_batcave, uniq_urug,
          uniq_jeremiah
Lair:2:   layout_misc_corridors, eino_house_with_fridge

Skill      XL: |  1  2  3  4  5  6  7  8  9 10 11 |
---------------+----------------------------------+-----
Conjurations   | 2 3 5 |  5.9
Spellcasting   | 5 6 7 8 |  8.3
Invocations    | 1 2 3 4 5 6 7 |  7.2
Fighting       | 1 2 3 5 6 |  6.6
Short Blades   | 1 2 3 5 6 |  6.6
Long Blades    | 1 2 3 5 6 |  6.6
Axes           | 1 2 3 5 6 |  6.6
Maces & Flails | 1 2 3 5 6 |  6.6
Polearms       | 1 2 3 5 6 |  6.6
Staves         | 1 2 3 5 6 |  6.6
Ranged Weapons | 1 2 3 5 6 |  6.6
Throwing       | 1 2 3 5 6 |  6.6
Armour         | 1 2 3 5 6 |  6.6
Shields        | 1 2 3 5 6 |  6.6
Unarmed Combat | 1 2 3 5 6 |  6.6
Evocations     | 1 2 3 5 6 |  6.6
Shapeshifting  | 1 2 3 4 5 6 |  6.0
Hexes          | 1 2 3 4 5 |  5.4
Summonings     | 1 2 3 4 5 |  5.4
Necromancy     | 1 2 3 4 5 |  5.4
Translocations | 1 2 3 4 5 |  5.4
Ice Magic      | 1 2 3 4 5 |  5.4
Air Magic      | 1 2 3 4 5 |  5.4
Earth Magic    | 1 2 3 4 5 |  5.4
Alchemy        | 1 2 3 4 5 |  5.4
Dodging        | 5 6 7 8 |  8.1
Stealth        | 5 6 7 |  7.9
Fire Magic     | 6 7 |  7.8

Action                     |  1- 3 |  4- 6 |  7- 9 | 10-12 || total
---------------------------+-------+-------+-------+-------++-------
  Melee: Unarmed           |     6 |       |       |       ||     6
         Bite              |     1 |       |     5 |     5 ||    11
         Club              |     6 |       |       |       ||     6
         Flail             |       |     5 |    60 |    32 ||    97
         Punch             |       |       |     3 |     2 ||     5
         Trident           |       |       |       |     7 ||     7
  Throw: Javelin           |     4 |       |     2 |       ||     6
         Dart              |       |    16 |    29 |       ||    45
         Boomerang         |       |       |     3 |       ||     3
   Cast: Foxfire           |    69 |    53 |   134 |    79 ||   335
         Scorch            |     5 |    19 |    56 |    44 ||   124
         Inner Flame       |       |     3 |    43 |    20 ||    66
         Ozocubu's Armour  |       |       |     3 |     2 ||     5
         Vhi's Electric Ch |       |       |       |     1 ||     1
  Evoke: Wand              |       |       |     2 |    13 ||    15
    Use: Scroll            |     1 |       |    11 |     2 ||    14
         Potion            |       |       |     4 |     2 ||     6
   Stab: Sleeping          |       |     1 |     1 |     1 ||     3
 Armour: Robe              |    17 |    13 |    60 |    23 ||   113
         Skin              |       |       |     9 |       ||     9
         Steam dragon scal |       |       |       |    45 ||    45
  Dodge: Dodged            |    13 |    11 |    79 |    60 ||   163
  Block: Other             |       |       |     5 |    22 ||    27
         Reflection        |       |       |       |     1 ||     1
